 Dungeon Crawl Stone Soup version 0.21.1-1-g345015f (webtiles) character file.

168 GrunderHorse the Ducker (level 5, -1/32 HPs)
             Began as a Tengu Monk on May 9, 2018.
             Slain by a kobold (3 damage)
             ... on level 3 of the Dungeon.
             The game lasted 00:03:26 (2995 turns).

GrunderHorse the Ducker (Tengu Monk)                Turns: 2995, Time: 00:03:27

Health: -1/32      AC:  2    Str: 11    XL:     5   Next: 49%
Magic:  15/15      EV: 16    Int: 11    God:
Gold:   118        SH:  0    Dex: 17    Spells: 4/4 levels left

rFire    . . .     SeeInvis .   a - +0 falchion
rCold    . . .     Gourm    .   (no shield)
rNeg     . . .     Faith    .   b - +0 robe
rPois    .         Spirit   .   (helmet restricted)
rElec    .         Reflect  .   (no cloak)
rCorr    .         Harm     .   (no gloves)
MR       .....                  (boots unavailable)
Stlth    ++........             l - amulet of magic regeneration
HPRegen  0.10/turn              h - ring of magical power
MPRegen  0.39/turn              (no ring)

@: lethally poisoned (-1 -> -11)
A: beak, talons 3, able to fly 1
a: Fly


You were on level 3 of the Dungeon.
You were hungry.

You visited 1 branch of the dungeon, and saw 3 of its levels.

You collected 118 gold pieces.

Inventory:

Hand Weapons
 a - a +0 falchion (weapon)
Missiles
 j - 15 javelins (quivered)
Armour
 b - a +0 robe (worn)
Jewellery
 h - a ring of magical power (left hand)
 l - an amulet of magic regeneration (around neck)
Wands
 i - a wand of random effects (12)
Scrolls
 d - 2 scrolls of remove curse {unknown}
 e - 3 scrolls of random uselessness
 g - 4 scrolls of identify
 m - a scroll of amnesia {unknown}
 n - 3 scrolls of teleportation {unknown}
 o - a scroll of fog {unknown}
 p - a scroll of enchant armour {unknown}
Potions
 f - a potion of haste
Books
 s - a book of Necromancy

   Spells                             Type                      Level
   a - Pain                           Necromancy                   1
   b - Animate Skeleton               Necromancy                   1
   c - Vampiric Draining              Necromancy                   3
   d - Regeneration                   Charms/Necromancy            3
   e - Animate Dead                   Necromancy                   4
   f - Borgnjor's Vile Clutch         Necromancy/Earth             5
Comestibles
 c - 7 rations
 k - a chunk of flesh


   Skills:
 - Level 3.0 Fighting
 - Level 3.2 Long Blades
 + Level 6.6 Dodging
 - Level 2.0 Stealth


You had 4 spell levels left.
You didn't know any spells.

Dungeon Overview and Level Annotations

Branches:
Dungeon (3/15)

Altars:


Innate Abilities, Weirdness & Mutations

You have a beak for a mouth.
You have claws for feet.
You can fly.


Message History

You feel sick. The adder barely misses you.
You barely miss the adder. You peck the adder.
The adder is almost dead.
* * * LOW HITPOINT WARNING * * *
You feel sick. The adder closely misses you.
You riposte.
You miss the adder.
The adder is almost dead.
The adder misses you.
You closely miss the adder.
The adder is almost dead.
* * * LOW HITPOINT WARNING * * *
You feel sick. The kobold misses you.
You riposte.
You barely miss the kobold. Your peck misses the kobold.
The adder closely misses you. The kobold misses you.
You closely miss the adder. Your kick misses the adder.
The adder is almost dead.
* * * LOW HITPOINT WARNING * * *
You feel sick. The adder bites you.
* * * LOW HITPOINT WARNING * * *
The kobold hits you.
You die...

#
#.......###.##...##...........
#
#...#....#..#...(.#..#####.###
# #..##....#..#.....#.###....#
####.###.#.............#
#.####
##.......#.####.#......# #.#
......)....# #†(......# #.#
(.........#######..#.### #.#
####............SK...# #.#
####.###....>...@..#######.#
.....###.#####.............#
..)......#########.#########
####.......>.......#
#################


You could see an adder and a kobold.

Vanquished Creatures
  An orc priest (D:3)
  An orc wizard (D:3)
  4 adders
  A worm (D:2)
  3 dart slugs
  3 leopard geckos
  4 orcs (D:3)
  A ball python (D:3)
  3 giant cockroaches
  3 goblins
  7 hobgoblins
  7 jackals
  9 kobolds
  A quokka (D:2)
  5 bats
  3 frilled lizards
  7 rats
63 creatures vanquished.

Notes
Turn   | Place    | Note
-------+----------+-------------------------------------------
     0 | D:1      | GrunderHorse the Tengu Monk began the quest for the Orb.
     0 | D:1      | Reached XP level 1. HP: 14/14 MP: 2/2
    90 | D:1      | Reached XP level 2. HP: 11/19 MP: 3/3
   223 | D:1      | Reached skill level 4 in Dodging
   816 | D:2      | Reached XP level 3. HP: 23/23 MP: 4/4
  1257 | D:2      | Reached skill level 5 in Dodging
  1437 | D:2      | Reached XP level 4. HP: 26/28 MP: 5/5
  1942 | D:3      | Found a faded altar of an unknown god.
  1994 | D:3      | Reached skill level 6 in Dodging
  2217 | D:3      | HP: 1/28 [something/magic dart (10)]
  2712 | D:3      | Gained mutation: You can fly. [Tengu growth]
  2712 | D:3      | Reached XP level 5. HP: 23/32 MP: 6/6
  2995 | D:3      | Slain by a kobold

Skill      XL: |  1  2  3  4 |
---------------+-------------+-----
Dodging        | 4 5 6 |  6.6
Fighting       | |  3.0
Long Blades    | |  3.2
Stealth        | |  2.0

Action                   |  1- 3 |  4- 6 || total
-------------------------+-------+-------++-------
Melee: Falchion          |    58 |    65 ||   123
       Kick              |    22 |    17 ||    39
       Peck              |    14 |    11 ||    25
Throw: Javelin           |       |     2 ||     2
Evoke: Wand              |       |     2 ||     2
  Use: Scroll            |     3 |       ||     3
       Potion            |       |     6 ||     6
 Stab: Sleeping          |     6 |     5 ||    11
  Eat: Chunk             |     2 |     4 ||     6
Armor: Robe              |     8 |     4 ||    12
Dodge: Dodged            |    54 |    61 ||   115
       Rpst.: Falchion   |    19 |    23 ||    42
